Blackhawks vs Nordiques
Created - 22 février 2013 at 19:04
Goals
|
| Blackhawks |
1 |
3 |
0 |
4 |
| Nordiques |
1 |
3 |
5 |
9 |
|
Shots
|
| Blackhawks |
12 |
11 |
6 |
29 |
| Nordiques |
13 |
9 |
14 |
36 |
|
1st period
1. Nordiques , Mike Cammalleri 15 (Stephen Weiss, Cory Sarich) at 14:06
2. Blackhawks , Chris Gratton 8 (Matthew Spiller) at 18:43
Penalties :
Kris Vernarsky (Que) for Hooking (Minor) at 4:55, Valeri Bure (Que) for Tripping (Minor) at 11:32
2nd period
3. Blackhawks , Brooks Laich 12 (Alexander Frolov, Nicklas Lidstrom) at 10:11
4. Blackhawks , Daniel Carcillo 1 (Chris Gratton, Steve McCarthy) at 11:07
5. Nordiques , Stephen Weiss 13 (Chris Phillips) at 11:51 (PP)
6. Nordiques , Kris Vernarsky 10 (Valeri Bure, Matt Pettinger) at 13:19
7. Blackhawks , Steve McCarthy 4 (Daniel Carcillo, Dan Hinote) at 17:45
8. Nordiques , Mike Cammalleri 16 (Chris Phillips, Stephen Weiss) at 17:51
Penalties :
Brooks Laich (Chi) for Interference (Minor) at 1:31, Kris Versteeg (Chi) for Interference (Minor) at 7:55, Scott Gomez (Chi) for Roughing (Minor) at 11:08
3rd period
9. Nordiques , Saku Koivu 21 (Rene Bourque, Eric Brewer) at 0:12
10. Nordiques , Rene Bourque 13 (Dany Heatley, Saku Koivu) at 1:33 (PP)
11. Nordiques , Matt Pettinger 9 (Kris Vernarsky, Roberto Luongo) at 8:59
12. Nordiques , Stephen Weiss 14 (Mike Cammalleri, Brian Gionta) at 13:06
13. Nordiques , Dany Heatley 10 (Saku Koivu, Eric Brewer) at 13:43
Penalties :
Scott Gomez (Chi) for Tripping (Minor) at 0:38, Saku Koivu (Que) for Cross-checking (Minor) at 10:43, Dan Hinote (Chi) for Hooking (Minor) at 18:15
Goalie Stats
Jocelyn Thibault (Chi), 19 saves from 25 shots - (0,760), L, 8-8-1, 41:33 minutes
Tyler Weiman (Chi), 8 saves from 11 shots - (0,727), 18:27 minutes
Roberto Luongo (Que), 25 saves from 29 shots - (0,862), W, 23-13-2, 60:00 minutes
Players Stats for Blackhawks
Player Name G A P +/- PIM S H SB GA TA FO MP PP MP PK MP
------------------------------------------------------------------------------------
Alexander Frolov 0 1 1 -1 0 2 1 0 0 0 1/2 16:28 2:35 1:36
Brooks Laich 1 0 1 -1 2 3 1 0 2 1 2/9 15:06 2:35 0:14
Chris Gratton 1 1 2 3 0 1 2 0 0 0 1/3 10:08 0:11 1:46
Colby Armstrong 0 0 0 -1 0 0 3 0 0 0 0/0 12:37 0:11 0:00
Dan Hinote 0 1 1 3 2 1 2 0 0 0 0/0 9:10 0:00 1:09
Daniel Carcillo 1 1 2 3 0 4 1 0 3 1 0/0 9:01 0:11 0:43
Francis Bouillon 0 0 0 1 0 1 1 1 1 1 0/0 15:30 0:28 0:00
Greg De Vries 0 0 0 1 0 1 0 1 0 1 0/0 15:50 0:41 5:26
Hnat Domenichelli 0 0 0 -1 0 1 0 0 0 1 0/1 9:22 0:00 0:00
Joe Sakic 0 0 0 -2 0 4 2 0 0 0 7/15 18:03 3:30 4:32
Kris Versteeg 0 0 0 -4 2 4 3 0 2 0 1/1 20:06 3:11 0:00
Kristopher Letang 0 0 0 -5 0 1 4 0 1 0 0/0 25:47 1:59 1:54
Martin Havlat 0 0 0 -4 0 0 1 1 1 0 0/2 24:44 3:11 4:40
Matthew Spiller 0 1 1 2 0 0 0 0 0 1 0/0 14:34 0:00 5:26
Nicklas Lidstrom 0 1 1 -4 0 2 2 0 0 1 0/0 24:22 2:49 0:00
Nikita Alexeev 0 0 0 -1 0 1 2 0 0 0 0/0 11:57 2:35 0:00
Scott Gomez 0 0 0 -4 4 2 1 2 1 0 20/35 20:02 3:11 0:00
Steve McCarthy 1 1 2 0 0 1 1 1 0 2 0/0 19:48 2:27 1:54
Players Stats for Nordiques
Player Name G A P +/- PIM S H SB GA TA FO MP PP MP PK MP
------------------------------------------------------------------------------------
Alexei Ponikarovsky 0 0 0 0 0 0 1 0 0 0 0/0 5:16 0:00 1:16
Brian Gionta 0 1 1 2 0 3 2 0 0 0 0/1 17:42 3:01 0:00
Chris Phillips 0 2 2 4 0 3 4 1 0 2 0/0 26:40 4:30 3:05
Cory Sarich 0 1 1 0 0 1 1 0 0 1 0/0 11:29 0:00 0:00
Dany Heatley 1 1 2 2 0 5 2 1 0 0 2/8 27:58 4:06 3:22
Dave Scatchard 0 0 0 0 0 0 0 0 1 0 1/1 4:34 0:00 0:44
Eric Brewer 0 2 2 5 0 1 2 0 1 2 0/0 28:22 4:30 3:05
Ian Moran 0 0 0 0 0 0 0 0 0 1 0/0 11:29 0:00 0:00
Karel Pilar 0 0 0 -2 0 0 0 3 0 1 0/0 20:09 2:50 2:52
Kris Vernarsky 1 1 2 -1 2 4 1 0 1 0 4/4 11:20 0:00 0:00
Lubomir Visnovsky 0 0 0 -2 0 2 1 1 0 1 0/0 20:09 2:50 2:52
Matt Pettinger 1 1 2 -1 0 1 1 0 0 0 0/0 12:11 0:13 0:42
Mike Cammalleri 2 1 3 2 0 3 1 1 2 1 0/1 19:09 3:01 1:22
Nick Schultz 0 0 0 1 0 0 0 0 0 0 0/0 1:42 0:00 0:00
Rene Bourque 1 1 2 2 0 4 1 2 0 0 5/6 22:27 4:19 1:22
Saku Koivu 1 2 3 2 2 6 3 1 1 1 16/32 23:25 4:19 2:16
Stephen Weiss 2 2 4 2 0 2 2 1 1 1 8/15 17:42 3:01 0:00
Valeri Bure 0 1 1 -1 2 1 2 0 2 0 0/0 12:16 0:00 0:50
3 Stars
1 - Stephen Weiss (Que)
2 - Mike Cammalleri (Que)
3 - Chris Phillips (Que)
Power Play
Blackhawks - 0 on 3 Attempt(s) - 0,00%
Nordiques - 2 on 5 Attempt(s) - 40,00%
Penalty Kill
Blackhawks - 3 on 5 Attempt(s) - 60,00%
- Score 0 goal in Penalty Kill
Nordiques - 3 on 3 Attempt(s) - 100,00%
- Score 0 goal in Penalty Kill
Official
Referees : Sutherland Kelly and Jackson Dave
Linesman : Bryan Pancich and Derek Nansen
Game Notes
13:19 of 2nd period - Nordiques goal is going for a video replay. After video review, Goal.
Tyler Weiman enters game at 1:33 of 3rd period
Finance
Level 1 -- Attendance: 4505 (75,08%) -- Ticket Income 450 500 $
Level 2 -- Attendance: 3938 (78,76%) -- Ticket Income 236 280 $
Level 3 -- Attendance: 1445 (72,25%) -- Ticket Income 50 575 $
Level 4 -- Attendance: 4000 (100,00%) -- Ticket Income 80 000 $
Luxury Box -- Attendance: 728 (72,80%) -- Ticket Income 145 600 $
Game was played at the Colisé Pepsi
Total Attendance: 14616 (81,20%)
Total Ticket Income: 962 955 $
Total Income: 962 955 $
Blackhawks
5 vs 5 Forward
Center Left Wing Right Wing Time % Phy DF OF
1 Scott Gomez Kris Versteeg Martin Havlat 40 1 2 2
2 Brooks Laich Alexander Frolov Colby Armstrong 30 1 2 2
3 Joe Sakic Hnat Domenichelli Nikita Alexeev 20 1 2 2
4 Chris Gratton Daniel Carcillo Dan Hinote 10 1 2 2
5 vs 5 Defense
Defense Defense Time % Phy DF OF
1 Nicklas Lidstrom Kristopher Letang 40 1 2 2
2 Steve McCarthy Francis Bouillon 30 1 2 2
3 Greg De Vries Matthew Spiller 20 1 2 2
4 Nicklas Lidstrom Kristopher Letang 10 1 2 2
PowerPlay Forward
Center Left Wing Right Wing Time % Phy DF OF
1 Scott Gomez Kris Versteeg Martin Havlat 60 1 2 2
2 Brooks Laich Alexander Frolov Nikita Alexeev 40 1 2 2
PowerPlay Defense
Defense Defense Time % Phy DF OF
1 Nicklas Lidstrom Joe Sakic 60 1 2 2
2 Steve McCarthy Kristopher Letang 40 1 2 2
Penalty Kill 4 Players Forward
Center Wing Time % Phy DF OF
1 Joe Sakic Martin Havlat 60 1 2 2
2 Chris Gratton Dan Hinote 40 1 2 2
Penalty Kill 4 Players Defense
Defense Defense Time % Phy DF OF
1 Matthew Spiller Greg De Vries 60 1 2 2
2 Steve McCarthy Kristopher Letang 40 1 2 2
Penalty Kill - 3 Players Forward
Forward Time % Phy DF OF
1 Joe Sakic 60 1 2 2
2 Martin Havlat 40 1 2 2
Penalty Kill - 3 Players Defense
Defense Defense Time % Phy DF OF
1 Nicklas Lidstrom Francis Bouillon 60 1 2 2
2 Steve McCarthy Kristopher Letang 40 1 2 2
4 vs 4 Forward
Center Wing Time % Phy DF OF
1 Joe Sakic Martin Havlat 60 1 2 2
2 Scott Gomez Kris Versteeg 40 1 2 2
4 vs 4 Defense
Defense Defense Time % Phy DF OF
1 Nicklas Lidstrom Francis Bouillon 60 1 2 2
2 Steve McCarthy Kristopher Letang 40 1 2 2
Last Minutes Offensive
Center Left Wing Right Wing Defense Defense
Joe Sakic Kris Versteeg Martin Havlat Nicklas Lidstrom Francis Bouillon
Last Minutes Defensive
Center Left Wing Right Wing Defense Defense
Joe Sakic Kris Versteeg Martin Havlat Nicklas Lidstrom Francis Bouillon
Goaltenders
Starting : Jocelyn Thibault
Backup : Tyler Weiman
Extra Forwards
Normal : Joe Sakic, Nikita Alexeev, Brooks Laich - PP : Kris Versteeg, Martin Havlat - PK : Alexander Frolov
Extra Defensemen
Normal : Greg De Vries, Matthew Spiller, Steve McCarthy - PP : Greg De Vries - PK : Kristopher Letang, Steve McCarthy
Penalty Shots
Joe Sakic, Martin Havlat, Kris Versteeg, Scott Gomez, Alexander Frolov
Nordiques
5 vs 5 Forward
Center Left Wing Right Wing Time % Phy DF OF
1 Saku Koivu Dany Heatley Rene Bourque 40 1 2 2
2 Stephen Weiss Mike Cammalleri Brian Gionta 30 1 2 2
3 Kris Vernarsky Matt Pettinger Valeri Bure 20 1 2 2
4 Dave Scatchard Alexei Ponikarovsky Dany Heatley 10 1 2 2
5 vs 5 Defense
Defense Defense Time % Phy DF OF
1 Eric Brewer Chris Phillips 40 1 2 2
2 Lubomir Visnovsky Karel Pilar 30 1 2 2
3 Cory Sarich Ian Moran 20 1 2 2
4 Nick Schultz Eric Brewer 10 1 2 2
PowerPlay Forward
Center Left Wing Right Wing Time % Phy DF OF
1 Saku Koivu Dany Heatley Rene Bourque 60 1 2 2
2 Stephen Weiss Mike Cammalleri Brian Gionta 40 1 2 2
PowerPlay Defense
Defense Defense Time % Phy DF OF
1 Eric Brewer Chris Phillips 60 1 2 2
2 Lubomir Visnovsky Karel Pilar 40 1 2 2
Penalty Kill 4 Players Forward
Center Wing Time % Phy DF OF
1 Dany Heatley Saku Koivu 60 1 2 2
2 Mike Cammalleri Rene Bourque 40 1 2 2
Penalty Kill 4 Players Defense
Defense Defense Time % Phy DF OF
1 Eric Brewer Chris Phillips 60 1 2 2
2 Lubomir Visnovsky Karel Pilar 40 1 2 2
Penalty Kill - 3 Players Forward
Forward Time % Phy DF OF
1 Dany Heatley 60 1 2 2
2 Saku Koivu 40 1 2 2
Penalty Kill - 3 Players Defense
Defense Defense Time % Phy DF OF
1 Eric Brewer Chris Phillips 60 1 2 2
2 Lubomir Visnovsky Karel Pilar 40 1 2 2
4 vs 4 Forward
Center Wing Time % Phy DF OF
1 Dany Heatley Saku Koivu 60 1 2 2
2 Mike Cammalleri Rene Bourque 40 1 2 2
4 vs 4 Defense
Defense Defense Time % Phy DF OF
1 Eric Brewer Chris Phillips 60 1 2 2
2 Lubomir Visnovsky Karel Pilar 40 1 2 2
Last Minutes Offensive
Center Left Wing Right Wing Defense Defense
Saku Koivu Dany Heatley Rene Bourque Eric Brewer Chris Phillips
Last Minutes Defensive
Center Left Wing Right Wing Defense Defense
Saku Koivu Dany Heatley Rene Bourque Eric Brewer Chris Phillips
Goaltenders
Starting : Roberto Luongo
Backup : John Grahame
Extra Forwards
Normal : Matt Pettinger, Kris Vernarsky, Valeri Bure - PP : Matt Pettinger, Kris Vernarsky - PK : Valeri Bure
Extra Defensemen
Normal : Cory Sarich, Ian Moran, Nick Schultz - PP : Cory Sarich - PK : Ian Moran, Nick Schultz
Penalty Shots
Dany Heatley, Saku Koivu, Mike Cammalleri, Rene Bourque, Stephen Weiss
% Time on Ice - Blackhawks
Lines # - Real PCT - Wanted PCT - Time Play
Normal Forward
1 - 36% - 40% - 17:02
2 - 26% - 30% - 12:21
3 - 20% - 20% - 9:22
4 - 17% - 10% - 7:58
Normal Defense
1 - 42% - 40% - 19:45
2 - 33% - 30% - 15:27
3 - 19% - 20% - 9:05
4 - 5% - 10% - 2:26
PP Forward
1 - 57% - 60% - 3:22
2 - 43% - 40% - 2:35
PP Defense
1 - 59% - 60% - 3:30
2 - 41% - 40% - 2:27
PK Forward
1 - 76% - 60% - 5:34
2 - 24% - 40% - 1:46
PK Defense
1 - 74% - 60% - 5:26
2 - 26% - 40% - 1:54
PK3 Forward
1 - 0% - 60%
2 - 0% - 40%
PK3 Defense
1 - 0% - 60%
2 - 0% - 40%
44 Forward
1 - 0% - 60%
2 - 0% - 40%
44 Defense
1 - 0% - 60%
2 - 0% - 40%
Last Minute Offensive - 0:00
Last Minute Defensive - 0:00
Total
Forward - 60:00
Defense - 60:00
|
% Time on Ice - Nordiques
Lines # - Real PCT - Wanted PCT - Time Play
Normal Forward
1 - 36% - 40% - 16:52
2 - 32% - 30% - 14:46
3 - 24% - 20% - 11:16
4 - 8% - 10% - 3:49
Normal Defense
1 - 41% - 40% - 19:05
2 - 31% - 30% - 14:27
3 - 25% - 20% - 11:29
4 - 4% - 10% - 1:42
PP Forward
1 - 59% - 60% - 4:19
2 - 41% - 40% - 3:01
PP Defense
1 - 61% - 60% - 4:30
2 - 39% - 40% - 2:50
PK Forward
1 - 77% - 60% - 4:35
2 - 23% - 40% - 1:22
PK Defense
1 - 52% - 60% - 3:05
2 - 48% - 40% - 2:52
PK3 Forward
1 - 0% - 60%
2 - 0% - 40%
PK3 Defense
1 - 0% - 60%
2 - 0% - 40%
44 Forward
1 - 0% - 60%
2 - 0% - 40%
44 Defense
1 - 0% - 60%
2 - 0% - 40%
Last Minute Offensive - 0:00
Last Minute Defensive - 0:00
Total
Forward - 60:00
Defense - 60:00
|
Play by Play
1st period
0:01 of 1st period - Rene Bourque wins face-off versus Scott Gomez in neutral zone.
0:48 of 1st period - Kristopher Letang is hit by Kris Vernarsky and loses puck.
1:53 of 1st period - Wrist shot by Alexander Frolov.
1:53 of 1st period - Stopped by Roberto Luongo with a rebound.
2:21 of 1st period - Greg De Vries is hit by Chris Phillips.
2:41 of 1st period - Icing by Cory Sarich.
2:42 of 1st period - Brooks Laich wins face-off versus Saku Koivu in Nordiques zone.
3:18 of 1st period - Off-side.
3:19 of 1st period - Kris Vernarsky wins face-off versus Chris Gratton in neutral zone.
3:22 of 1st period - Slapshot by Eric Brewer.
3:22 of 1st period - Stopped by Jocelyn Thibault without a rebound.
3:23 of 1st period - Kris Vernarsky wins face-off versus Chris Gratton in Blackhawks zone.
3:36 of 1st period - Nick Schultz is hit by Dan Hinote and loses puck.
3:59 of 1st period - Wrist shot by Daniel Carcillo.
3:59 of 1st period - Stopped by Roberto Luongo with a rebound.
4:33 of 1st period - Greg De Vries is hit by Matt Pettinger and loses puck.
4:38 of 1st period - Wrist shot by Valeri Bure.
4:38 of 1st period - Stopped by Jocelyn Thibault with a rebound.
4:55 of 1st period - Minor Penalty to Kris Vernarsky for Hooking.
4:56 of 1st period - Dany Heatley wins face-off versus Scott Gomez in Nordiques zone.
5:24 of 1st period - Slapshot by Brooks Laich.
5:24 of 1st period - Deflect By Nikita Alexeev.
5:24 of 1st period - Stopped by Roberto Luongo without a rebound.
5:25 of 1st period - Alexander Frolov wins face-off versus Dany Heatley in Nordiques zone.
6:03 of 1st period - Icing by Martin Havlat.
6:04 of 1st period - Scott Gomez wins face-off versus Mike Cammalleri in Blackhawks zone.
6:17 of 1st period - Rene Bourque is hit by Joe Sakic and loses puck.
6:24 of 1st period - Slapshot by Scott Gomez.
6:24 of 1st period - Stopped by Roberto Luongo without a rebound.
6:25 of 1st period - Dany Heatley wins face-off versus Brooks Laich in Nordiques zone.
6:34 of 1st period - Snap shot by Dany Heatley.
6:34 of 1st period - Stopped by Jocelyn Thibault with a rebound.
6:55 of 1st period - Penalty to Kris Vernarsky is over, Kris Vernarsky is back on ice.
6:55 of 1st period - Snap shot by Scott Gomez.
6:55 of 1st period - Shot Blocked by Mike Cammalleri.
7:44 of 1st period - Kris Versteeg is hit by Cory Sarich and loses puck.
7:49 of 1st period - Wrist shot by Saku Koivu.
7:49 of 1st period - Stopped by Jocelyn Thibault without a rebound.
7:50 of 1st period - Joe Sakic wins face-off versus Stephen Weiss in Blackhawks zone.
8:15 of 1st period - Saku Koivu is hit by Nicklas Lidstrom and loses puck.
8:22 of 1st period - Snap shot by Kris Versteeg.
8:22 of 1st period - Stopped by Roberto Luongo with a rebound.
8:42 of 1st period - Snap shot by Kris Vernarsky.
8:42 of 1st period - Stopped by Jocelyn Thibault with a rebound.
8:44 of 1st period - Slapshot by Lubomir Visnovsky.
8:44 of 1st period - Stopped by Jocelyn Thibault without a rebound.
8:45 of 1st period - Saku Koivu wins face-off versus Scott Gomez in Blackhawks zone.
9:35 of 1st period - Steve McCarthy is hit by Valeri Bure and loses puck.
9:50 of 1st period - Ian Moran is hit by Nikita Alexeev and loses puck.
10:01 of 1st period - Slapshot by Kris Vernarsky.
10:01 of 1st period - Stopped by Jocelyn Thibault without a rebound.
10:02 of 1st period - Kris Versteeg wins face-off versus Saku Koivu in Blackhawks zone.
10:10 of 1st period - Off-side.
10:11 of 1st period - Scott Gomez wins face-off versus Saku Koivu in neutral zone.
10:30 of 1st period - Icing by Rene Bourque.
10:31 of 1st period - Saku Koivu wins face-off versus Alexander Frolov in Nordiques zone.
10:31 of 1st period - Saku Koivu is hit by Nicklas Lidstrom.
10:38 of 1st period - Saku Koivu is hit by Alexander Frolov and loses puck.
11:23 of 1st period - Snap shot by Nicklas Lidstrom.
11:23 of 1st period - Shot Misses the Net.
11:25 of 1st period - Wrist shot by Joe Sakic.
11:25 of 1st period - Stopped by Roberto Luongo with a rebound.
11:27 of 1st period - Wrist shot by Joe Sakic.
11:27 of 1st period - Shot Blocked by Karel Pilar.
11:29 of 1st period - Snap shot by Joe Sakic.
11:29 of 1st period - Stopped by Roberto Luongo with a rebound.
11:31 of 1st period - Snap shot by Joe Sakic.
11:31 of 1st period - Shot Blocked by Lubomir Visnovsky.
11:32 of 1st period - Minor Penalty to Valeri Bure for Tripping.
11:33 of 1st period - Scott Gomez wins face-off versus Dany Heatley in Nordiques zone.
11:34 of 1st period - Wrist shot by Kris Versteeg.
11:34 of 1st period - Stopped by Roberto Luongo with a rebound.
12:06 of 1st period - Slapshot by Joe Sakic.
12:06 of 1st period - Stopped by Roberto Luongo with a rebound.
12:08 of 1st period - Slapshot by Nicklas Lidstrom.
12:08 of 1st period - Shot Blocked by Chris Phillips.
13:32 of 1st period - Penalty to Valeri Bure is over, Valeri Bure is back on ice.
13:42 of 1st period - Matt Pettinger is hit by Daniel Carcillo and loses puck.
13:59 of 1st period - Joe Sakic is hit by Mike Cammalleri and loses puck.
14:06 of 1st period - Slapshot by Mike Cammalleri.
14:06 of 1st period - Goal by Mike Cammalleri - Blackhawks : 0 - Nordiques : 1.
14:07 of 1st period - Scott Gomez wins face-off versus Dany Heatley in neutral zone.
15:00 of 1st period - Snap shot by Rene Bourque.
15:00 of 1st period - Shot Misses the Net.
15:02 of 1st period - Backhand shot by Chris Phillips.
15:02 of 1st period - Stopped by Jocelyn Thibault with a rebound.
15:04 of 1st period - Wrist shot by Saku Koivu.
15:04 of 1st period - Shot Blocked by Francis Bouillon.
15:36 of 1st period - Snap shot by Daniel Carcillo.
15:36 of 1st period - Deflect By Chris Gratton.
15:36 of 1st period - Shot Misses the Net.
15:36 of 1st period - Puck is out of play.
15:37 of 1st period - Scott Gomez wins face-off versus Brian Gionta in Nordiques zone.
15:52 of 1st period - Wrist shot by Kris Versteeg.
15:52 of 1st period - Shot Misses the Net.
16:11 of 1st period - Wrist shot by Kris Vernarsky.
16:11 of 1st period - Stopped by Jocelyn Thibault without a rebound.
16:12 of 1st period - Scott Gomez wins face-off versus Stephen Weiss in Blackhawks zone.
16:16 of 1st period - Off-side.
16:17 of 1st period - Stephen Weiss wins face-off versus Scott Gomez in neutral zone.
16:24 of 1st period - Snap shot by Brian Gionta.
16:24 of 1st period - Stopped by Jocelyn Thibault without a rebound.
16:25 of 1st period - Scott Gomez wins face-off versus Stephen Weiss in Blackhawks zone.
16:54 of 1st period - Slapshot by Chris Phillips.
16:54 of 1st period - Stopped by Jocelyn Thibault without a rebound.
16:55 of 1st period - Dave Scatchard wins face-off versus Brooks Laich in Blackhawks zone.
17:17 of 1st period - Icing by Francis Bouillon.
17:18 of 1st period - Stephen Weiss wins face-off versus Brooks Laich in Blackhawks zone.
17:39 of 1st period - Wrist shot by Brooks Laich.
17:39 of 1st period - Stopped by Roberto Luongo without a rebound.
17:40 of 1st period - Stephen Weiss wins face-off versus Scott Gomez in Nordiques zone.
17:55 of 1st period - Snap shot by Mike Cammalleri.
17:55 of 1st period - Deflect By Stephen Weiss.
17:55 of 1st period - Shot Misses the Net.
17:55 of 1st period - Puck is out of play.
17:56 of 1st period - Rene Bourque wins face-off versus Joe Sakic in Blackhawks zone.
18:31 of 1st period - Wrist shot by Stephen Weiss.
18:31 of 1st period - Shot Blocked by Scott Gomez.
18:43 of 1st period - Snap shot by Chris Gratton.
18:43 of 1st period - Goal by Chris Gratton - Blackhawks : 1 - Nordiques : 1.
18:44 of 1st period - Scott Gomez wins face-off versus Dany Heatley in neutral zone.
18:55 of 1st period - Wrist shot by Rene Bourque.
18:55 of 1st period - Stopped by Jocelyn Thibault without a rebound.
18:56 of 1st period - Scott Gomez wins face-off versus Saku Koivu in Blackhawks zone.
19:07 of 1st period - Slapshot by Kris Versteeg.
19:07 of 1st period - Stopped by Roberto Luongo with a rebound.
19:23 of 1st period - Alexander Frolov is hit by Eric Brewer and loses puck.
19:30 of 1st period - Stephen Weiss is hit by Colby Armstrong and loses puck.
19:58 of 1st period - Wrist shot by Mike Cammalleri.
19:58 of 1st period - Shot Misses the Net.
2nd period
0:01 of 2nd period - Saku Koivu wins face-off versus Martin Havlat in neutral zone.
0:58 of 2nd period - Valeri Bure is hit by Nikita Alexeev and loses puck.
1:11 of 2nd period - Lubomir Visnovsky is hit by Steve McCarthy and loses puck.
1:31 of 2nd period - Minor Penalty to Brooks Laich for Interference.
1:32 of 2nd period - Joe Sakic wins face-off versus Rene Bourque in Blackhawks zone.
3:18 of 2nd period - Eric Brewer is hit by Chris Gratton and loses puck.
3:27 of 2nd period - Dan Hinote is hit by Stephen Weiss and loses puck.
3:31 of 2nd period - Penalty to Brooks Laich is over, Brooks Laich is back on ice.
3:44 of 2nd period - Snap shot by Alexander Frolov.
3:44 of 2nd period - Shot Misses the Net.
3:53 of 2nd period - Off-side.
3:54 of 2nd period - Kris Vernarsky wins face-off versus Joe Sakic in neutral zone.
4:23 of 2nd period - Backhand shot by Saku Koivu.
4:23 of 2nd period - Shot Misses the Net.
5:02 of 2nd period - Icing by Nicklas Lidstrom.
5:03 of 2nd period - Joe Sakic wins face-off versus Saku Koivu in Blackhawks zone.
6:32 of 2nd period - Wrist shot by Daniel Carcillo.
6:32 of 2nd period - Stopped by Roberto Luongo without a rebound.
6:33 of 2nd period - Scott Gomez wins face-off versus Stephen Weiss in Nordiques zone.
7:55 of 2nd period - Minor Penalty to Kris Versteeg for Interference.
7:56 of 2nd period - Joe Sakic wins face-off versus Saku Koivu in Blackhawks zone.
8:07 of 2nd period - Snap shot by Rene Bourque.
8:07 of 2nd period - Shot Misses the Net.
8:09 of 2nd period - Snap shot by Saku Koivu.
8:09 of 2nd period - Deflect By Rene Bourque.
8:09 of 2nd period - Stopped by Jocelyn Thibault without a rebound.
8:10 of 2nd period - Joe Sakic wins face-off versus Saku Koivu in Blackhawks zone.
8:10 of 2nd period - Joe Sakic is hit by Dany Heatley.
8:59 of 2nd period - Slapshot by Kristopher Letang.
8:59 of 2nd period - Shot Blocked by Karel Pilar.
9:01 of 2nd period - Wrist shot by Dan Hinote.
9:01 of 2nd period - Shot Blocked by Karel Pilar.
9:55 of 2nd period - Penalty to Kris Versteeg is over, Kris Versteeg is back on ice.
10:09 of 2nd period - Snap shot by Alexander Frolov.
10:09 of 2nd period - Shot Misses the Net.
10:11 of 2nd period - Wrist shot by Brooks Laich.
10:11 of 2nd period - Goal by Brooks Laich - Blackhawks : 2 - Nordiques : 1.
10:12 of 2nd period - Saku Koivu wins face-off versus Scott Gomez in neutral zone.
10:17 of 2nd period - Kristopher Letang is hit by Saku Koivu and loses puck.
10:38 of 2nd period - Saku Koivu is hit by Joe Sakic and loses puck.
11:07 of 2nd period - Wrist shot by Daniel Carcillo.
11:07 of 2nd period - Goal by Daniel Carcillo - Blackhawks : 3 - Nordiques : 1.
11:08 of 2nd period - Scott Gomez wins face-off versus Stephen Weiss in neutral zone.
11:08 of 2nd period - Minor Penalty to Scott Gomez for Roughing.
11:09 of 2nd period - Rene Bourque wins face-off versus Joe Sakic in Blackhawks zone.
11:10 of 2nd period - Snap shot by Saku Koivu.
11:10 of 2nd period - Deflect By Martin Havlat.
11:10 of 2nd period - Shot Misses the Net.
11:10 of 2nd period - Puck is out of play.
11:11 of 2nd period - Saku Koivu wins face-off versus Joe Sakic in Blackhawks zone.
11:18 of 2nd period - Wrist shot by Rene Bourque.
11:18 of 2nd period - Shot Misses the Net.
11:20 of 2nd period - Snap shot by Rene Bourque.
11:20 of 2nd period - Stopped by Jocelyn Thibault without a rebound.
11:21 of 2nd period - Saku Koivu wins face-off versus Joe Sakic in Blackhawks zone.
11:26 of 2nd period - Backhand shot by Saku Koivu.
11:26 of 2nd period - Shot Blocked by Martin Havlat.
11:46 of 2nd period - Joe Sakic is hit by Chris Phillips and loses puck.
11:51 of 2nd period - Snap shot by Stephen Weiss.
11:51 of 2nd period - Goal by Stephen Weiss - Blackhawks : 3 - Nordiques : 2.
11:52 of 2nd period - Scott Gomez wins face-off versus Saku Koivu in neutral zone.
12:56 of 2nd period - Eric Brewer is hit by Colby Armstrong and loses puck.
13:15 of 2nd period - Wrist shot by Kris Vernarsky.
13:15 of 2nd period - Shot Misses the Net.
13:17 of 2nd period - Snap shot by Kris Vernarsky.
13:17 of 2nd period - Shot Misses the Net.
13:19 of 2nd period - Wrist shot by Kris Vernarsky.
13:19 of 2nd period - Nordiques goal is going for a video replay.
13:19 of 2nd period - The goal is good.
13:19 of 2nd period - Goal by Kris Vernarsky - Blackhawks : 3 - Nordiques : 3.
13:20 of 2nd period - Scott Gomez wins face-off versus Dany Heatley in neutral zone.
13:27 of 2nd period - Snap shot by Saku Koivu.
13:27 of 2nd period - Stopped by Jocelyn Thibault with a rebound.
13:31 of 2nd period - Snap shot by Dany Heatley.
13:31 of 2nd period - Stopped by Jocelyn Thibault without a rebound.
13:32 of 2nd period - Scott Gomez wins face-off versus Saku Koivu in Blackhawks zone.
13:32 of 2nd period - Scott Gomez is hit by Lubomir Visnovsky.
13:43 of 2nd period - Wrist shot by Saku Koivu.
13:43 of 2nd period - Shot Misses the Net.
13:59 of 2nd period - Stephen Weiss is hit by Colby Armstrong and loses puck.
14:25 of 2nd period - Wrist shot by Alexander Frolov.
14:25 of 2nd period - Stopped by Roberto Luongo without a rebound.
14:26 of 2nd period - Stephen Weiss wins face-off versus Scott Gomez in Nordiques zone.
14:54 of 2nd period - Kristopher Letang is hit by Saku Koivu and loses puck.
14:57 of 2nd period - Slapshot by Kristopher Letang.
14:57 of 2nd period - Stopped by Roberto Luongo with a rebound.
14:59 of 2nd period - Wrist shot by Nicklas Lidstrom.
14:59 of 2nd period - Deflect By Joe Sakic.
14:59 of 2nd period - Stopped by Roberto Luongo without a rebound.
15:00 of 2nd period - Saku Koivu wins face-off versus Joe Sakic in Nordiques zone.
15:00 of 2nd period - Saku Koivu is hit by Francis Bouillon.
15:16 of 2nd period - Wrist shot by Rene Bourque.
15:16 of 2nd period - Shot Misses the Net.
15:26 of 2nd period - Lubomir Visnovsky is hit by Kris Versteeg and loses puck.
16:12 of 2nd period - Slapshot by Greg De Vries.
16:12 of 2nd period - Stopped by Roberto Luongo with a rebound.
16:27 of 2nd period - Icing by Matthew Spiller.
16:28 of 2nd period - Saku Koivu wins face-off versus Hnat Domenichelli in Blackhawks zone.
17:03 of 2nd period - Slapshot by Brooks Laich.
17:03 of 2nd period - Stopped by Roberto Luongo with a rebound.
17:25 of 2nd period - Slapshot by Kris Versteeg.
17:25 of 2nd period - Shot Blocked by Stephen Weiss.
17:43 of 2nd period - Snap shot by Dan Hinote.
17:43 of 2nd period - Deflect By Daniel Carcillo.
17:43 of 2nd period - Stopped by Roberto Luongo with a rebound.
17:45 of 2nd period - Snap shot by Steve McCarthy.
17:45 of 2nd period - Goal by Steve McCarthy - Blackhawks : 4 - Nordiques : 3.
17:46 of 2nd period - Stephen Weiss wins face-off versus Scott Gomez in neutral zone.
17:49 of 2nd period - Slapshot by Chris Phillips.
17:49 of 2nd period - Stopped by Jocelyn Thibault with a rebound.
17:51 of 2nd period - Snap shot by Mike Cammalleri.
17:51 of 2nd period - Goal by Mike Cammalleri - Blackhawks : 4 - Nordiques : 4.
17:52 of 2nd period - Saku Koivu wins face-off versus Scott Gomez in neutral zone.
17:55 of 2nd period - Scott Gomez is hit by Chris Phillips and loses puck.
19:11 of 2nd period - Wrist shot by Hnat Domenichelli.
19:11 of 2nd period - Stopped by Roberto Luongo with a rebound.
19:50 of 2nd period - Slapshot by Saku Koivu.
19:50 of 2nd period - Stopped by Jocelyn Thibault without a rebound.
19:51 of 2nd period - Brooks Laich wins face-off versus Saku Koivu in Blackhawks zone.
19:58 of 2nd period - Snap shot by Dany Heatley.
19:58 of 2nd period - Shot Misses the Net.
3rd period
0:01 of 3rd period - Saku Koivu wins face-off versus Scott Gomez in neutral zone.
0:03 of 3rd period - Chris Phillips is hit by Kristopher Letang and loses puck.
0:12 of 3rd period - Snap shot by Saku Koivu.
0:12 of 3rd period - Goal by Saku Koivu - Blackhawks : 4 - Nordiques : 5.
0:13 of 3rd period - Scott Gomez wins face-off versus Saku Koivu in neutral zone.
0:24 of 3rd period - Backhand shot by Scott Gomez.
0:24 of 3rd period - Stopped by Roberto Luongo without a rebound.
0:25 of 3rd period - Saku Koivu wins face-off versus Scott Gomez in Nordiques zone.
0:25 of 3rd period - Saku Koivu is hit by Kris Versteeg.
0:38 of 3rd period - Minor Penalty to Scott Gomez for Tripping.
0:39 of 3rd period - Rene Bourque wins face-off versus Joe Sakic in Blackhawks zone.
0:42 of 3rd period - Slapshot by Saku Koivu.
0:42 of 3rd period - Shot Blocked by Greg De Vries.
0:44 of 3rd period - Snap shot by Dany Heatley.
0:44 of 3rd period - Stopped by Jocelyn Thibault without a rebound.
0:45 of 3rd period - Saku Koivu wins face-off versus Martin Havlat in Blackhawks zone.
0:58 of 3rd period - Chris Phillips is hit by Martin Havlat and loses puck.
1:33 of 3rd period - Snap shot by Dany Heatley.
1:33 of 3rd period - Deflect By Rene Bourque.
1:33 of 3rd period - Goal by Rene Bourque - Blackhawks : 4 - Nordiques : 6.
1:33 of 3rd period - Tyler Weiman enters game.
1:34 of 3rd period - Stephen Weiss wins face-off versus Brooks Laich in neutral zone.
1:37 of 3rd period - Steve McCarthy is hit by Brian Gionta and loses puck.
2:05 of 3rd period - Lubomir Visnovsky is hit by Kris Versteeg and loses puck.
2:12 of 3rd period - Kris Versteeg is hit by Valeri Bure and loses puck.
2:47 of 3rd period - Snap shot by Dany Heatley.
2:47 of 3rd period - Shot Misses the Net.
3:07 of 3rd period - Slapshot by Nicklas Lidstrom.
3:07 of 3rd period - Deflect By Alexander Frolov.
3:07 of 3rd period - Shot Misses the Net.
3:07 of 3rd period - Puck is out of play.
3:08 of 3rd period - Stephen Weiss wins face-off versus Brooks Laich in Nordiques zone.
3:40 of 3rd period - Slapshot by Joe Sakic.
3:40 of 3rd period - Shot Misses the Net.
3:42 of 3rd period - Wrist shot by Francis Bouillon.
3:42 of 3rd period - Stopped by Roberto Luongo without a rebound.
3:43 of 3rd period - Saku Koivu wins face-off versus Joe Sakic in Nordiques zone.
4:05 of 3rd period - Backhand shot by Joe Sakic.
4:05 of 3rd period - Shot Misses the Net.
4:13 of 3rd period - Hnat Domenichelli is hit by Chris Phillips and loses puck.
4:31 of 3rd period - Snap shot by Karel Pilar.
4:31 of 3rd period - Shot Misses the Net.
4:33 of 3rd period - Slapshot by Lubomir Visnovsky.
4:33 of 3rd period - Stopped by Tyler Weiman with a rebound.
4:35 of 3rd period - Snap shot by Mike Cammalleri.
4:35 of 3rd period - Shot Misses the Net.
4:45 of 3rd period - Slapshot by Stephen Weiss.
4:45 of 3rd period - Shot Misses the Net.
4:47 of 3rd period - Snap shot by Mike Cammalleri.
4:47 of 3rd period - Stopped by Tyler Weiman without a rebound.
4:48 of 3rd period - Scott Gomez wins face-off versus Saku Koivu in Blackhawks zone.
5:19 of 3rd period - Off-side.
5:20 of 3rd period - Kris Vernarsky wins face-off versus Brooks Laich in neutral zone.
5:56 of 3rd period - Eric Brewer is hit by Kristopher Letang and loses puck.
6:07 of 3rd period - Snap shot by Brian Gionta.
6:07 of 3rd period - Shot Blocked by Scott Gomez.
6:09 of 3rd period - Snap shot by Brian Gionta.
6:09 of 3rd period - Shot Blocked by Steve McCarthy.
6:11 of 3rd period - Slapshot by Cory Sarich.
6:11 of 3rd period - Stopped by Tyler Weiman with a rebound.
6:13 of 3rd period - Wrist shot by Brian Gionta.
6:13 of 3rd period - Stopped by Tyler Weiman without a rebound.
6:14 of 3rd period - Stephen Weiss wins face-off versus Brooks Laich in Blackhawks zone.
6:17 of 3rd period - Snap shot by Mike Cammalleri.
6:17 of 3rd period - Deflect By Brian Gionta.
6:17 of 3rd period - Stopped by Tyler Weiman with a rebound.
6:49 of 3rd period - Wrist shot by Dany Heatley.
6:49 of 3rd period - Shot Misses the Net.
6:51 of 3rd period - Wrist shot by Dany Heatley.
6:51 of 3rd period - Stopped by Tyler Weiman without a rebound.
6:52 of 3rd period - Joe Sakic wins face-off versus Saku Koivu in Blackhawks zone.
6:52 of 3rd period - Joe Sakic is hit by Rene Bourque.
8:06 of 3rd period - Daniel Carcillo is hit by Alexei Ponikarovsky and loses puck.
8:59 of 3rd period - Slapshot by Matt Pettinger.
8:59 of 3rd period - Goal by Matt Pettinger - Blackhawks : 4 - Nordiques : 7.
9:00 of 3rd period - Scott Gomez wins face-off versus Saku Koivu in neutral zone.
9:05 of 3rd period - Snap shot by Nicklas Lidstrom.
9:05 of 3rd period - Shot Blocked by Rene Bourque.
9:07 of 3rd period - Slapshot by Scott Gomez.
9:07 of 3rd period - Shot Blocked by Dany Heatley.
9:09 of 3rd period - Slapshot by Scott Gomez.
9:09 of 3rd period - Shot Misses the Net.
9:11 of 3rd period - Slapshot by Nicklas Lidstrom.
9:11 of 3rd period - Stopped by Roberto Luongo with a rebound.
9:13 of 3rd period - Snap shot by Kris Versteeg.
9:13 of 3rd period - Shot Misses the Net.
9:15 of 3rd period - Slapshot by Nicklas Lidstrom.
9:15 of 3rd period - Stopped by Roberto Luongo with a rebound.
9:27 of 3rd period - Kristopher Letang is hit by Stephen Weiss and loses puck.
9:54 of 3rd period - Snap shot by Nicklas Lidstrom.
9:54 of 3rd period - Shot Misses the Net.
10:08 of 3rd period - Dany Heatley is hit by Scott Gomez and loses puck.
10:31 of 3rd period - Brian Gionta is hit by Dan Hinote and loses puck.
10:43 of 3rd period - Minor Penalty to Saku Koivu for Cross-checking.
10:44 of 3rd period - Scott Gomez wins face-off versus Dany Heatley in Nordiques zone.
11:11 of 3rd period - Dany Heatley is hit by Brooks Laich and loses puck.
12:43 of 3rd period - Penalty to Saku Koivu is over, Saku Koivu is back on ice.
12:47 of 3rd period - Chris Phillips is hit by Chris Gratton and loses puck.
13:06 of 3rd period - Slapshot by Stephen Weiss.
13:06 of 3rd period - Goal by Stephen Weiss - Blackhawks : 4 - Nordiques : 8.
13:07 of 3rd period - Rene Bourque wins face-off versus Scott Gomez in neutral zone.
13:10 of 3rd period - Slapshot by Saku Koivu.
13:10 of 3rd period - Stopped by Tyler Weiman without a rebound.
13:11 of 3rd period - Saku Koivu wins face-off versus Scott Gomez in Blackhawks zone.
13:16 of 3rd period - Snap shot by Saku Koivu.
13:16 of 3rd period - Stopped by Tyler Weiman without a rebound.
13:17 of 3rd period - Scott Gomez wins face-off versus Saku Koivu in Blackhawks zone.
13:24 of 3rd period - Slapshot by Greg De Vries.
13:24 of 3rd period - Shot Blocked by Saku Koivu.
13:26 of 3rd period - Slapshot by Scott Gomez.
13:26 of 3rd period - Shot Blocked by Rene Bourque.
13:28 of 3rd period - Snap shot by Kris Versteeg.
13:28 of 3rd period - Stopped by Roberto Luongo without a rebound.
13:29 of 3rd period - Saku Koivu wins face-off versus Scott Gomez in Nordiques zone.
13:36 of 3rd period - Martin Havlat is hit by Saku Koivu and loses puck.
13:43 of 3rd period - Snap shot by Dany Heatley.
13:43 of 3rd period - Goal by Dany Heatley - Blackhawks : 4 - Nordiques : 9.
13:44 of 3rd period - Saku Koivu wins face-off versus Scott Gomez in neutral zone.
14:09 of 3rd period - Kristopher Letang is hit by Eric Brewer.
14:35 of 3rd period - Icing by Karel Pilar.
14:36 of 3rd period - Chris Gratton wins face-off versus Stephen Weiss in Nordiques zone.
14:37 of 3rd period - Wrist shot by Dan Hinote.
14:37 of 3rd period - Stopped by Roberto Luongo without a rebound.
14:38 of 3rd period - Scott Gomez wins face-off versus Saku Koivu in Nordiques zone.
14:41 of 3rd period - Snap shot by Martin Havlat.
14:41 of 3rd period - Shot Misses the Net.
15:50 of 3rd period - Karel Pilar is hit by Kristopher Letang and loses puck.
17:52 of 3rd period - Kris Versteeg is hit by Dany Heatley and loses puck.
18:09 of 3rd period - Cory Sarich is hit by Kristopher Letang and loses puck.
18:15 of 3rd period - Minor Penalty to Dan Hinote for Hooking.
18:16 of 3rd period - Joe Sakic wins face-off versus Stephen Weiss in Blackhawks zone.
18:25 of 3rd period - Martin Havlat is hit by Brian Gionta and loses puck.
Output by the SimonT Hockey Simulator (STHS) for François Prévost -- Original Page W3C XHTML 1.0 Valid